 Dungeon Crawl Stone Soup version 0.29-a0-577-gafbf2c5d25 (webtiles) character file.

Game seed: 1916941203940105115

452 YayAnonymity the Ruffian (level 7, -1/55 HPs)
             Began as a Ghoul Gladiator on June 14, 2022.
             Slain by an ogre
             ... wielding a +0 giant spiked club
              (25 damage)
             ... on level 4 of the Dungeon.
             The game lasted 00:05:51 (3844 turns).

YayAnonymity the Ruffian (Ghoul Gladiator)          Turns: 3844, Time: 00:05:52

Health: -1/55      AC:  9    Str: 18    XL:     7   Next: 5%
Magic:  6/6        EV:  8    Int:  5    God:
Gold:   170        SH:  0    Dex: 10    Spells: 6/6 levels left

rFire   . . .      SeeInvis .     - Unarmed
rCold   + . .      Faith    .   (no shield)
rNeg    + + +      Spirit   .   n - +0 chain mail
rPois   ∞          Reflect  .   b - +0 helmet
rElec   .          Harm     .   (no cloak)
rCorr   .          Rampage  .   (no gloves)
Will    .....                   (no boots)
Stlth   ..........              (no amulet)
HPRegen 0.00/turn               (no ring)
MPRegen 0.10/turn               (no ring)

@: inhibited regen
A: claws 1, cold resistance 1, negative energy resistance 3, inhibited
regeneration, torment resistance 2, devour on kill
a: no special abilities


You were on level 4 of the Dungeon.
You visited 1 branch of the dungeon, and saw 4 of its levels.
You also visited: Sewer.

You collected 170 gold pieces.

Inventory:

Missiles
 c - 3 throwing nets (quivered)
 d - a javelin
Armour
 b - a +0 helmet (worn)
 n - a +0 chain mail (worn)
Jewellery
 l - a +6 ring of dexterity
Wands
 f - a wand of polymorph (15)
 h - a wand of acid (4)
 r - a wand of iceblast (9)
Scrolls
 e - 3 scrolls of teleportation
 k - a scroll of fear
 m - a scroll of amnesia
 o - a scroll of silence
Potions
 a - 4 potions of curing
 g - a potion of lignification
 i - 5 potions of flight
 j - 2 potions of magic {unknown}
 p - a potion of might {unknown}
 q - a potion of heal wounds {unknown}


   Skills:
 - Level 2.1 Fighting
 - Level 1.7 Throwing
 + Level 1.8 Armour
 + Level 4.3 Dodging
 * Level 6.8 Unarmed Combat


You had 6 spell levels left.
You didn't know any spells.
Your spell library contained the following spells:

 Spells                   Type           Power      Damage    Failure   Level
 Conjure Flame            Conj/Fire      0%         6-21      100%        3
 Ignite Poison            Fire/Tmut/Pois 0%         N/A       100%        3
 Sticky Flame             Conj/Fire      0%         2d3       100%        4


Dungeon Overview and Level Annotations

Branches:
Dungeon (4/15)              Sewer (visited)
 Temple: D:4-7

Altars:

Annotations:
D:3 1 runed translucent door, Crazy Yiuf


Innate Abilities, Weirdness & Mutations

You are immune to poison.
You have sharp fingernails.
Your flesh is cold resistant. (rC+)
You are immune to negative energy. (rN+++)
You do not regenerate when monsters are visible.
You are immune to unholy pain and torment.
You thrive by killing the living.


Message History

The adder is severely wounded.
The adder bites you but does no damage. The adder barely misses you.
You closely miss the adder.
The adder is severely wounded.
Your hearing returns.
The adder bites you but does no damage.
You closely miss the adder.
The adder is severely wounded.
The adder bites you but does no damage.
You miss the adder.
The adder is severely wounded.
The adder bites you.
You claw the adder!
You kill the adder!
No target in view!
You see here an adder corpse.
You see here an adder corpse.
Found a stone staircase leading down.
An ogre comes into view. It is wielding a +0 giant spiked club.
The ogre shouts!
An ogre is nearby!
The ogre barely misses you.
You claw the ogre! Your claw misses the ogre.
The ogre is heavily wounded.
You claw the ogre!
The ogre is almost dead.
The ogre hits you with a +0 giant spiked club!!
You scratch the ogre but do no damage.
The ogre is almost dead.
You scratch the ogre but do no damage.
The ogre is almost dead.
The ogre hits you with a +0 giant spiked club.
You are too injured to fight recklessly!
You are too injured to fight recklessly!
You are too injured to fight recklessly!
You are too injured to fight recklessly!
You closely miss the ogre.
The ogre is almost dead.
The ogre hits you with a +0 giant spiked club!!
You die...

#.# #.# #.##
#.. #.. #.# #
#O#
#.###@####.##
.#...........#
.......>.######
#.######.##
#.........# ..
#.##.###..#####
#.## #......#
#... ##.###.#
..#
#.####.....#


You could see an ogre.

Vanquished Creatures
  Sigmund (D:3)
  An iguana (D:4)
  An orc wizard (D:2)
  A merfolk siren (Sewer)
  A merfolk avatar (Sewer)
  3 gnolls
  A river rat (Sewer)
  5 adders
  A worm (D:3)
  A dart slug (D:1)
  5 orcs
  10 endoplasms
  4 giant cockroaches
  7 goblins
  9 hobgoblins
  3 jackals (D:2)
  8 kobolds
  3 quokkas
  13 ball pythons
  5 bats
  11 frilled lizards
  21 rats
115 creatures vanquished.

Notes
Turn   | Place    | Note
-------+----------+-------------------------------------------
     0 | D:1      | YayAnonymity the Ghoul Gladiator began the quest for the
                  | Orb.
     0 | D:1      | Reached XP level 1. HP: 17/17 MP: 0/0
   108 | D:1      | Reached XP level 2. HP: 24/24 MP: 1/1
   115 | D:1      | You fall into a shaft and drop 1 floor!
   183 | D:1      | Found a faded altar of an unknown god.
   327 | D:1      | Reached skill level 4 in Unarmed Combat
   480 | D:1      | Reached XP level 3. HP: 29/29 MP: 2/2
  1414 | D:2      | Reached XP level 4. HP: 22/36 MP: 3/3
  1578 | D:2      | Reached skill level 5 in Unarmed Combat
  2098 | D:3      | Reached XP level 5. HP: 41/41 MP: 4/4
  2189 | D:3      | Found a glowing drain.
  2232 | D:3      | Noticed Sigmund
  2241 | Sewer    | Entered a sewer
  2536 | Sewer    | Noticed a malarious merfolk avatar
  2557 | Sewer    | Killed a malarious merfolk avatar
  2558 | Sewer    | Reached skill level 6 in Unarmed Combat
  2558 | Sewer    | Reached XP level 6. HP: 48/48 MP: 5/5
  2918 | D:3      | Found a runed translucent door.
  2919 | D:3      | Noticed Crazy Yiuf
  3179 | D:3      | Killed Sigmund
  3180 | D:3      | Reached skill level 1 in Armour
  3676 | D:4      | Reached XP level 7. HP: 55/55 MP: 6/6
  3844 | D:4      | Slain by an ogre

Illustrated notes

Levels and vault maps discovered:
D:1:      wander_arrival_lonely_grave, layout_basic,
          dreamdust_ecumenical_altar_angels_and_demons
D:2:      layout_rooms
D:3:      layout_loops_cross, cheibrodos_sewer_entry_drain,
          uniq_crazy_yiuf_cottage, uniq_sigmund
D:4:      layout_basic, minmay_temple_entry_hall

Skill      XL: |  1  2  3  4  5  6 |
---------------+-------------------+-----
Dodging        | 3 4 |  4.3
Unarmed Combat | 4 5 6 |  6.8
Armour         | 1 |  1.8
Fighting       | |  2.1
Throwing       | |  1.7

Action                   |  1- 3 |  4- 6 |  7- 9 || total
-------------------------+-------+-------+-------++-------
Melee: Unarmed           |    78 |   233 |    16 ||   327
       Punch             |     2 |     6 |       ||     8
  Use: Scroll            |       |     9 |     1 ||    10
       Potion            |       |     1 |       ||     1
 Stab: Sleeping          |     1 |       |       ||     1
Armor: Leather armour    |    12 |       |       ||    12
       Ring mail         |     9 |    10 |       ||    19
       Chain mail        |       |   102 |     6 ||   108
Dodge: Dodged            |    34 |    63 |     3 ||   100

Table legend: (Time is in decaauts)
 A = Elapsed time spent in this place.
 B = Non-inter-level travel time spent in this place.
 C = Inter-level travel time spent in this place.
 D = Time resting spent in this place.
 E = Time spent auto-exploring this place.
 F = Levels seen in this place.
 G = Mean time per level.
                   A        B        C        D        E       F      G
               +--------+--------+--------+--------+--------+-----+--------+
         Total |   3871 |   3747 |    124 |    393 |   2468 |   5 |  774.2 |
       Dungeon |   3360 |   3236 |    124 |    393 |   2206 |   4 |  840.0 |
         Sewer |    510 |    510 |      0 |      0 |    262 |   1 |  510.0 |
               +--------+--------+--------+--------+--------+-----+--------+

Top non-repeatable levels by time:
     D:1: 1151 daAuts
     D:3: 953 daAuts
     D:2: 946 daAuts
   Sewer: 510 daAuts
     D:4: 309 daAuts
